Cogmind - Beta 14 @@@ ROGUE MODE // 2024.12.06 @ 21:51:32 Player: droogie Result: Destroyed by P-60 Hacker with Shock Rifle Performance ------------- Evolutions (3) 1500 Regions Visited (4) 800 Robots Destroyed (39) 195 Value Destroyed (1487) 1487 Prototype IDs (0) 0 Alien Tech Used (0) 0 Bonus (157) 157 TOTAL SCORE: 4139 Bonus ------- High Alert Combat Kills 157 Cogmind --------- Core Integrity 0/700 Matter 34/300 Energy 100/100 System Corruption 10% Temperature Cool (0) Movement Core (50) Location -7/Factory Parts ------- > --- POWER (2) -------- (None) > --- PROPULSION (4) --- (None) > --- UTILITY (3) ------ Improved Signal Interpreter > --- WEAPON (4) ------- (None) > --- INVENTORY (5) ---- (None) Peak State ------------ > --- POWER ------------ Improved Ion Engine > --- PROPULSION ------- Aluminum Leg Aluminum Leg Improved Aluminum Leg Improved Aluminum Leg > --- UTILITY ---------- Small Storage Unit Improved Signal Interpreter > --- WEAPON ----------- Small Laser Particle Gun Heavy Assault Rifle Rocket Launcher > --- INVENTORY -------- Ion Engine Light Treads Aluminum Leg Improved Aluminum Leg Ion Cannon Rocket Launcher Rocket Launcher Rocket Launcher [Rating: 20] Favorites ----------- Power Ion Engine Engine Ion Engine Propulsion Aluminum Leg Treads Light Treads Leg Aluminum Leg Utility Small Storage Unit Storage Small Storage Unit Processor Improved Signal Interpreter Weapon Rocket Launcher Energy Gun Arc Projector Energy Cannon Ion Cannon Ballistic Gun Light Assault Rifle Launcher Rocket Launcher Build | -11 -10 -9 -8 -7 ------- Run | Yrd Mat Mat Mat Fac Slots Evolved 6 | . . 2 2 2 Power 1 | . . . . 1 Propulsion 2 | . . 2 . . Utility 1 | . . . . 1 Weapon 2 | . . . 2 . Parts Attached 51 | 8 . 20 16 7 Power 5 | 2 . 2 1 . Engine 5 | 2 . 2 1 . Core . | . . . . . Reactor . | . . . . . Propulsion 22 | 3 . 12 7 . Treads 4 | 1 . 2 1 . Leg 18 | 2 . 10 6 . Wheel . | . . . . . Hover . | . . . . . Flight . | . . . . . Utility 3 | 1 . 1 1 . Device . | . . . . . Storage 1 | 1 . . . . Processor 2 | . . 1 1 . Hackware . | . . . . . Protection . | . . . . . Artifact . | . . . . . Weapon 21 | 2 . 5 7 7 Energy Gun 6 | . . 2 2 2 Energy Cannon 1 | . . . 1 . Ballistic Gun 4 | 2 . 2 . . Ballistic Cannon . | . . . . . Launcher 10 | . . 1 4 5 Special Weapon . | . . . . . Impact Weapon . | . . . . . Slashing Weapon . | . . . . . Piercing Weapon . | . . . . . Special Melee Weapon . | . . . . . Unidentified Prototypes . | . . . . . Parts Lost 26 | . . 5 13 8 Power 2 | . . . 1 1 Propulsion 9 | . . 3 5 1 Utility 1 | . . . . 1 Weapon 14 | . . 2 7 5 Highest Loss Streak 12 | . . 5 12 8 To Critical Strikes . | . . . . . Average Slot Usage (%) 68 | . 85 85 88 47 Engine 8 | . 14 11 8 6 Treads 3 | . . 2 1 6 Leg 17 | . 28 35 29 1 Storage 9 | . 14 11 9 6 Processor 5 | . . 5 9 7 Energy Gun 6 | . . 7 12 5 Ballistic Gun 8 | . 28 14 6 . Launcher 6 | . . . 9 11 Peak Build Rating 20 | 6 7 14 20 17 Average Rating 12 | 4 6 11 17 13 On Entrance 8 | . 6 7 14 16 Naked Turns . | . . . . . Heaviest Build 24 | 13 13 16 23 24 Greatest Support 46 | 20 20 46 46 30 Greatest Overweight (x) 7 | 1 . 1 1 7 Average Overweight (x) 1 | . . . . 2 Largest Inventory Capacity 8 | 8 8 8 8 8 Average Capacity 7 | 7 8 8 8 7 Most Carried 8 | 4 8 8 8 2 Average Carried 4 | 2 6 7 6 1 Final Capacity 8 | 8 8 8 8 5 Final Carried 8 | 4 8 8 . . Class Distribution -------------------- 42% | Mutant 19% | Bomber 15% | Scavenger-Mutant 11% | Scavenger-Gunner 10% | Gunner Dominant Class ---------------- Mutant | -10/Materials Scavenger-Mutant | -9/Materials Scavenger-Gunner | -8/Materials Bomber | -7/Factory Resources | -11 -10 -9 -8 -7 ----------- Run | Yrd Mat Mat Mat Fac Matter Collected 900 | 230 44 372 254 . Remotely . | . . . . . Salvage Created 1122 | . 44 542 536 . Parts 72 | . 6 35 31 . Haulers Intercepted 1 | . . . 1 . Recyclers Shooed . | . . . . . Parts Field Recycled . | . . . . . Retrieved Matter . | . . . . . Parts Self-Destructed . | . . . . . Prevented . | . . . . . Kills | -11 -10 -9 -8 -7 ------- Run | Yrd Mat Mat Mat Fac Combat Hostiles Destroyed 35 | . 3 13 19 . Guns 17 | . 3 12 2 . Cannons 1 | . . . 1 . AOE 17 | . . 1 16 . Classes Destroyed 10 | . 1 4 5 . Worker 2 | . . . 2 . Hauler 1 | . . . 1 . Watcher 1 | . . 1 . . Swarmer 5 | . 3 2 . . Grunt 19 | . . 6 13 . Duelist 2 | . . 1 1 . Sentry 5 | . . 4 1 . Specialist 2 | . . . 2 . Hunter 1 | . . . 1 . Heavy 1 | . . . 1 . Best Kill Streak 11 | . 3 7 11 . Combat Bots Only 8 | . 3 7 8 . Max Kills in Single Turn 3 | . 1 2 3 . Gunslinging 1 | . . 1 . . Exploded 3 | . . 1 3 . Melee . | . . . . . Uniques/NPCs Destroyed . | . . . . . Combat | -11 -10 -9 -8 -7 -------- Run | Yrd Mat Mat Mat Fac Hostile Shots Fired 316 | . 5 113 55 143 Missed 108 | . 1 35 24 48 Damage Taken 3327 | . 28 1055 997 1247 Core 1112 | . 7 151 252 702 Absorbed by Shields . | . . . . . Core Remaining (%) 78 | 100 97 62 54 . Volleys Fired 95 | . 6 53 32 4 Largest 4 | . 2 2 4 1 Hottest 164 | . 40 63 164 55 Shots Fired 206 | . 12 101 89 4 Gun 168 | . 12 99 53 4 Cannon 3 | . . . 3 . Launcher 35 | . . 2 33 . Special . | . . . . . Kinetic 117 | . 12 83 22 . Thermal 50 | . . 16 34 . Explosive 35 | . . 2 33 . Electromagnetic 4 | . . . . 4 Robot Hit Streak 19 | . 5 19 9 7 Robot Miss Streak 4 | . 4 2 3 1 Penetration Max . | . . . . . Secondary Targets 2 | . . 2 . . Max Gunslinging Chain 1 | . . 1 . . Shots Hit Robots 147 | . 6 81 57 3 Core Hits 93 | . 3 32 56 2 Critical Kills . | . . . . . Critical Parts Destroyed . | . . . . . Critical Strikes . | . . . . . Melee Attacks . | . . . . . Impact . | . . . . . Slashing . | . . . . . Piercing . | . . . . . Sneak Attacks . | . . . . . Combat Hostiles . | . . . . . Follow-up Attacks . | . . . . . Damage Inflicted 3366 | . 62 814 2468 22 Guns 1327 | . 62 774 483 8 Cannons 71 | . . . 71 . Explosions 1954 | . . 40 1914 . Melee . | . . . . . Ramming 14 | . . . . 14 Kinetic 884 | . 62 638 184 . Thermal 506 | . . 136 370 . Explosive 1954 | . . 40 1914 . Electromagnetic 8 | . . . . 8 Impact . | . . . . . Slashing . | . . . . . Piercing . | . . . . . Highest Corruption 9 | . . . . 9 Average Corruption 5 | . . . . 5 Corruption Purged . | . . . . . Corruption Blocked . | . . . . . Effects 2 | . . . . 2 Message Errors 1 | . . . . 1 Data Loss (major) 1 | . . . . 1 Overload Shots . | . . . . . Overflow Damage 35 | . . . 35 . Projectiles . | . . . . . Explosions 35 | . . . 35 . Melee . | . . . . . Knockbacks . | . . . . . Impact . | . . . . . Kinetic . | . . . . . Secondary . | . . . . . Self-Inflicted Damage 158 | . . . 158 . Shots 4 | . . . 4 . Rammed 10 | . . . . 10 Targets Rammed 10 | . . . . 10 Kicked . | . . . . . Crushed . | . . . . . Highest Temperature 313 | . . 43 313 2 Average Temperature 83 | . . 10 119 2 Received Heat Transfer 885 | . . 405 171 309 Effects 2 | . . . 2 . Interference 2 | . . . 2 . Siege Activations . | . . . . . Robots Corrupted . | . . . . . Combat Hostiles . | . . . . . Parts Fried . | . . . . . Impact Corruptions . | . . . . . Robots Melted . | . . . . . Combat Hostiles . | . . . . . Parts Melted . | . . . . . Heat Transferred 1120 | . . 325 795 . Parts Sabotaged . | . . . . . Parts Stolen . | . . . . . Parts Stripped . | . . . . . Power Chain Reactions . | . . . . . Alert | -11 -10 -9 -8 -7 ------- Run | Yrd Mat Mat Mat Fac Peak Influence 694 | . 115 475 694 315 Initial 315 | . . 48 115 315 Average 218 | . 35 234 499 183 Maximum Alert Level 2 | . . 2 2 1 Low Security (%) 51 | 100 100 30 10 57 Level 1 34 | . . 61 10 42 Level 2 14 | . . 7 79 . Level 3 . | . . . . . Level 4 . | . . . . . Level 5 . | . . . . . High Security . | . . . . . Max Security . | . . . . . Squads Dispatched 5 | . . . 3 2 Investigation . | . . . . . Extermination 1 | . . . . 1 Reinforcement 4 | . . . 3 1 Assault . | . . . . . Garrison . | . . . . . Intercept . | . . . . . Searches Triggered . | . . . . . Construction Impeded . | . . . . . Haulers Reinforced . | . . . . . Active Scanning Responses . | . . . . . Cargo Convoy Interrupts . | . . . . . Stealth | -11 -10 -9 -8 -7 --------- Run | Yrd Mat Mat Mat Fac Distress Signals 1 | . . . 1 . Communications Jammed . | . . . . . Distress Signals . | . . . . . Times Spotted 55 | . 7 18 20 10 Peak Tracking Total 8 | . 3 6 4 8 Tactical Retreats 4 | . . 3 . 1 Traps | -11 -10 -9 -8 -7 ------- Run | Yrd Mat Mat Mat Fac Traps Triggered 3 | . . . . 3 Indirectly . | . . . . . Trap Hack Attempts . | . . . . . Triggered . | . . . . . Disarmed . | . . . . . Reprogrammed . | . . . . . Reused . | . . . . . Traps Extracted . | . . . . . Installed . | . . . . . Triggered . | . . . . . Machines | -11 -10 -9 -8 -7 ---------- Run | Yrd Mat Mat Mat Fac Machines Disabled 4 | . . 1 3 . Max in Single Turn 1 | . . 1 1 . Machines Repaired . | . . . . . Machines Dismantled . | . . . . . Machines Sabotaged . | . . . . . Overloaded Fab Kills . | . . . . . Hacking | -11 -10 -9 -8 -7 --------- Run | Yrd Mat Mat Mat Fac Machines Accessed . | . . . . . Terminals . | . . . . . Fabricators . | . . . . . Repair Stations . | . . . . . Recycling Units . | . . . . . Scanalyzers . | . . . . . Garrison Access . | . . . . . Total Hacks . | . . . . . Successful . | . . . . . Failed . | . . . . . Catastrophic . | . . . . . Database Lockouts . | . . . . . Manual . | . . . . . Terminals . | . . . . . Fabricators . | . . . . . Repair Stations . | . . . . . Recycling Units . | . . . . . Scanalyzers . | . . . . . Garrison Access . | . . . . . Terminal Hacks . | . . . . . Fabricator Hacks . | . . . . . Repair Station Hacks . | . . . . . Recycling Unit Hacks . | . . . . . Scanalyzer . | . . . . . Garrison Access Hacks . | . . . . . Unauthorized Hacks . | . . . . . Terminals . | . . . . . Fabricators . | . . . . . Repair Stations . | . . . . . Recycling Units . | . . . . . Scanalyzers . | . . . . . Garrison Access . | . . . . . Data Cores Recovered . | . . . . . Used . | . . . . . Hacking Detections . | . . . . . Full Trace Events . | . . . . . Feedback Events . | . . . . . Feedback Blocked . | . . . . . Robot Schematics Acquired . | . . . . . Robots Built . | . . . . . Authchips . | . . . . . Time . | . . . . . Total Robot Build Rating . | . . . . . Part Schematics Acquired . | . . . . . Parts Built . | . . . . . Authchips . | . . . . . Time . | . . . . . Total Part Build Rating . | . . . . . Parts Repaired . | . . . . . Time . | . . . . . Parts Recycled . | . . . . . Recycled Matter . | . . . . . Retrieved Matter . | . . . . . Retrieved Components . | . . . . . Parts Scanalyzed . | . . . . . Part Schematics Acquired . | . . . . . Parts Damaged . | . . . . . Bothacking | -11 -10 -9 -8 -7 ------------ Run | Yrd Mat Mat Mat Fac Used RIF Installer . | . . . . . Robots Hacked . | . . . . . Non-combat . | . . . . . Combat . | . . . . . Robot Hacks Applied . | . . . . . Relay Couplers Released . | . . . . . Fabnet Peak Effective % . | . . . . . Robots Rewired . | . . . . . Allies Hacked . | . . . . . Hacks Repelled . | . . . . . Allies | -11 -10 -9 -8 -7 -------- Run | Yrd Mat Mat Mat Fac Total Allies . | . . . . . Largest Group . | . . . . . Highest-Rated Group . | . . . . . Highest-Rated Ally . | . . . . . Total Orders . | . . . . . Ally Attacks . | . . . . . Total Damage . | . . . . . Kills . | . . . . . Allies Corrupted . | . . . . . Allies Melted . | . . . . . Intel | -11 -10 -9 -8 -7 ------- Run | Yrd Mat Mat Mat Fac Robot Analysis Total . | . . . . . Derelict Logs Recovered . | . . . . . Drone Launches . | . . . . . Drone Recoveries . | . . . . . Exploration | -11 -10 -9 -8 -7 ------------- Run | Yrd Mat Mat Mat Fac Turns Passed 2076 | 76 287 442 333 938 Spaces Moved 909 | 47 135 216 175 336 Core 146 | 4 . . . 142 Treads 161 | 17 . 4 . 140 Legs 602 | 26 135 212 175 54 Wheels . | . . . . . Hover . | . . . . . Flight . | . . . . . Fastest Speed 50 | 50 120 120 120 100 Average Speed 169 | 129 120 121 124 249 Slowest Speed 400 | 160 120 190 190 400 Overloaded Moves . | . . . . . Propulsion Burnouts . | . . . . . Robots Hopped . | . . . . . Cave-ins Triggered . | . . . . . Exploration Rate (%) 15 | 4 25 20 20 10 Regions Visited 4 Branch Regions . Pre-discovered Areas . | . . . . . Known Exits Taken 2 | . . 1 1 . Unknown Exits Taken 2 | 1 1 . . . Scrap Searched . | . . . . . Spaces Dug . | . . . . . Terrain Destroyed 209 | . . 17 192 . Melee . | . . . . . Projectile . | . . . . . AOE 209 | . . 17 192 . Terrain Rammed . | . . . . . Walls Destroyed . | . . . . . Machines Disabled . | . . . . . Actions | -11 -10 -9 -8 -7 --------- Run | Yrd Mat Mat Mat Fac Total 1259 | 59 249 305 225 421 Wait 171 | . 105 5 . 61 Move 905 | 46 134 215 174 336 Hop . | . . . . . Pick Up 13 | 4 4 2 1 2 Fast Attach 19 | 6 . 6 2 5 Attach 18 | 1 . 5 10 2 Detach 4 | 1 . 3 . . Swap 14 | 1 . 9 4 . Drop 10 | . . 7 2 1 Fire 95 | . 6 53 32 4 Melee . | . . . . . Ram . | . . . . . Kick . | . . . . . Crush 10 | . . . . 10 Escape Stasis . | . . . . . Rewire . | . . . . . Trap . | . . . . . Miscellaneous . | . . . . . Route ------- -11/Scrapyard -10/Materials -9/Materials -8/Materials -7/Factory History --------- Turn | Location | Event 8 | -11/Scrapyard | Discovered new exit (range 16) 77 | -11/Scrapyard | Entered Materials 306 | -10/Materials | Build established: Mutant 350 | -10/Materials | Discovered new exit (range 13) 364 | -10/Materials | Entered another Materials area 364 | -9/Materials | Evolved 2 slots: Propulsion x2 521 | -9/Materials | Destroyed 7 combat bots 525 | -9/Materials | Lost 5 parts (3n2w) 792 | -9/Materials | Discovered new exit (range 8) 795 | -9/Materials | Build established: Scavenger-Mutant 805 | -9/Materials | Identified exit to Materials 806 | -9/Materials | Entered another Materials area 806 | -8/Materials | Evolved 2 slots: Weapon x2 895 | -8/Materials | Destroyed 8 combat bots 1071 | -8/Materials | Discovered new exit (range 14) 1118 | -8/Materials | Lost 12 parts (1p5n6w) 1138 | -8/Materials | Identified exit to Factory 1139 | -8/Materials | Entered Factory 1139 | -7/Factory | Evolved 2 slots: Power x1, Utility x1 1689 | -7/Factory | Build established: Bomber 2033 | -7/Factory | Core integrity fell below 50% 2057 | -7/Factory | Lost 8 parts (1p1n1u5w) 2060 | -7/Factory | Core integrity fell below 20% 2077 | -7/Factory | Destroyed by P-60 Hacker with Shock Rifle Last Messages --------------- reinforcements to Terminal F007. 01965_ Slammed into G-47 Trooper. 01966_ Ion Engine destroyed. 01967_ Slammed into G-47 Trooper. 01973_ Shock Bomb Launcher destroyed. 01973_ Slammed into G-47 Trooper. 01974_ Lgt. Treads destroyed. 01975_ Critical hit (Burn: +37). 01978_ Arc Projector destroyed. 01997_ Rocket Launcher destroyed. 01998_ Critical hit (Burn: +37). 02001_ Shock Bomb Launcher destroyed. 02002_ System corrupted: Substantial component data lost. 02006_ Acquired Arc Projector. 02010_ Sml. Storage Unit destroyed. 02018_ System corrupted: FCS attempts to trigger Arc Projector. 02026_ Arc Projector destroyed. 02075_ FX8LJK LEX8UALNXSUT JKLU4/AD0P Map ----- +----------------------------------------------------+ | ????? ?????????????????????????????????????????? | | ???? ???????????????????????????????????????? | | ???? #??????????+???????????????????????????? | | ???? #?????????? ???????????????????????????? | | ???? #?????????? #??????????????????????????? | | ????# #?????????# #??????????????????????????? | | ????# #?????????# #??????????????????????????? | | ????# #?????????# #??????????????????????????? | | ????# +?????????# #??????????????????????????? | | ????# #?????????# #??????????????????????????? | | ???## #?????????# #???????????? ?????????????? | | ???# ########### #######+### ??????????????? | | ???#T ?????????????? | | ????# ?????????????? | | ##### ????????????? | | ????????????? | | ##### ????????????? | | ????###/#######+######+#######???????????????????? | | ????# # #?????????????????????? | | ????# # #?????????????????????? | | ????# # #?????????????????????? | | ????# # #?????????????????????? | | ????# # ggg#?????????????????????? | | ????# # "" ""g#?????????????????????? | | ????# # ""S""p#?????????????????????? | | ????# # """"@ #?????????????????????? | | ????# ###+#######?????????????????????? | | ????# #???????????????????????????????? | | ????# #???????????????????????????????? | | ????# #???????????????????????????????? | | ????##############???????????????????????????????? | | ?????????????????????????????????????????????????? | | ?????????????????????????????????????????????????? | | ?????????????????????????????????????????????????? | | ?????????????????????????????????????????????????? | | ?????????????????????????????????????????????????? | | ?????????????????????????????????????????????????? | | ?????????????????????????????????????????????????? | | ?????????????????????????????????????????????????? | | ?????????????????????????????????????????????????? | | ?????????????????????????????????????????????????? | | ?????????????????????????????????????????????????? | | ?????????????????????????????????????????????????? | | ?????????????????????????????????????????????????? | | ?????????????????????????????????????????????????? | | ?????????????????????????????????????????????????? | | ?????????????????????????????????????????????????? | | ?????????????????????????????????????????????????? | | ?????????????????????????????????????????????????? | | ?????????????????????????????????????????????????? | +----------------------------------------------------+ Best States ------------- Heat Dissipation 34 Energy Generation 12 Energy Capacity 265 Matter Stores 300 Matter Capacity 300 Sight Range 16 Terrain Scan Density 10 Evasion (%) 55 Recoil Reduction 2 Item Schematics ----------------- None Robot Schematics ------------------ None Fabricated ------------ Nothing Alien Tech Used ----------------- None Achievements -------------- None Challenges ------------ None Game ------ Seed ShadeShrapnelProcessor Manual? 0 Play Time 00:18:37 Cumulative 6.8 hours Start 2024.12.06 @ 21:36:30 End 2024.12.06 @ 21:51:32 Sessions 1 Manual Loads 0 Difficulty Rogue Special Mode None Game No. 19 Rogue 19 Adventurer 0 Explorer 0 Win Type - Total 0 Types 0/0/0/0/0/0/0/0/0 Lore% 1 Gallery% 11 Achievement% 7 Wizard Run 0 Options --------- Layout 1 ASCII 0 Keyboard 0 Movement Numpad Keybinds 0 Fullscreen 0 Font 28/SmallcapsGlow Map View 50x35 Zoom Use 0% Tactical HUD 1 Map Filters NONE Filters NONE Steam X RUN: ca193e26-9215-40c6-8359-111af1acc55e